[Event "Kerkinitida 2021"]
[Site "Yevpatoria"]
[Date "2021.10.19"]
[Round "1.6"]
[White "Tomilova, Elena"]
[Black "Cherunov, Svyatoslav"]
[Result "1-0"]
[ECO "D07"]
[WhiteElo "2256"]
[BlackElo "1240"]
[Annotator "RC"]
[PlyCount "55"]
[EventDate "2021.10.19"]
[EventType "swiss"]
[SourceTitle "playchess.com"]
[Source "ChessBase"]
[SourceQuality "1"]
[TimeControl "5400+30"]

1. c4 Nf6 2. Nf3 Nc6 3. d4 d5 4. cxd5 Nxd5 5. e4 Nf6 6. Nc3 e6 7. Bd3 a6 8. O-O Be7 9. Re1 O-O 10. e5 Nd5 11. a3 f6 12. exf6 Nxf6 13. Bc2 h6 14. Qd3 Qe8 15. d5 Nd8 16. Bb3 Bd6 17. dxe6 Kh8 18. e7 Bxe7 19. Nh4 Nc6 20. Ng6+ Qxg6 21. Qxg6 Bc5 22. Be3 Nd4 23. Bxd4 Bxd4 24. Bc2 Bg4 25. Re7 Rg8 26. Nd5 Bh5 27. Qd3 Rge8 28. Nxf6 1-0

[Event "Kerkinitida 2021"]
[Site "Yevpatoria"]
[Date "2021.10.20"]
[Round "2.5"]
[White "Cherunov, Svyatoslav"]
[Black "Brusilovskiy, Boris"]
[Result "0-1"]
[ECO "B13"]
[WhiteElo "1240"]
[BlackElo "2067"]
[Annotator "ChessBase"]
[PlyCount "68"]
[EventDate "2021.10.19"]
[EventType "swiss"]
[SourceTitle "playchess.com"]
[Source "ChessBase"]
[SourceQuality "1"]
[TimeControl "5400+30"]

1. e4 d5 2. exd5 c6 3. Nc3 cxd5 4. d4 Nf6 5. Nf3 Nc6 6. Bb5 Bg4 7. h3 Bh5 8. g4 Bg6 9. Ne5 Rc8 10. Qf3 e6 11. h4 Bb4 12. h5 Be4 13. Qf4 Bxh1 14. g5 O-O 15. h6 Nh5 16. Qh2 Nxe5 17. Qxe5 Qc7 18. Qxc7 Rxc7 19. Be2 g6 20. Bd2 Bxc3 21. bxc3 Be4 22. O-O-O Rfc8 23. Rg1 a6 24. Rg4 b5 25. c4 bxc4 26. c3 Rb7 27. Kd1 Rb2 28. f3 Bf5 29. Rh4 Rxa2 30. f4 Rb8 31. Ke1 Rb1+ 32. Kf2 Rxd2 33. Ke3 Rbb2 34. Bxh5 Rd3# 0-1

[Event "Kerkinitida 2021"]
[Site "Yevpatoria"]
[Date "2021.10.20"]
[Round "2.6"]
[White "Tihonov, Gennady"]
[Black "Grinivetskii, Mark"]
[Result "1-0"]
[ECO "C45"]
[WhiteElo "1827"]
[BlackElo "1350"]
[Annotator "NA"]
[PlyCount "151"]
[EventDate "2021.10.19"]
[EventType "swiss"]
[SourceTitle "playchess.com"]
[Source "ChessBase"]
[SourceQuality "1"]
[TimeControl "5400+30"]

1. e4 e5 2. Nf3 Nc6 3. d4 exd4 4. Nxd4 Bc5 5. Nxc6 Qf6 6. Qf3 Qxf3 7. gxf3 dxc6 8. Be3 Be7 9. Nd2 Be6 10. f4 f5 11. e5 O-O-O 12. Rg1 g6 13. Be2 Nh6 14. h3 a6 15. Nb3 Rhg8 16. c4 Nf7 17. Nd4 Bb4+ 18. Kf1 Rde8 19. Nxe6 Rxe6 20. c5 Rd8 21. Bc4 Re7 22. Ke2 Nxe5 23. fxe5 Rxe5 24. Kf3 Bxc5 25. Bg5 Be7 26. Bxe7 Rxe7 27. Rad1 Rde8 28. Bd3 Rd7 29. Bc2 Red8 30. Rxd7 Rxd7 31. Rd1 Re7 32. h4 Re5 33. Bd3 Rd5 34. Bc2 Rb5 35. Rd2 Rb4 36. h5 Rh4 37. hxg6 hxg6 38. Bb3 Rg4 39. Be6+ Kb8 40. Rd7 Re4 41. Bf7 Rg4 42. Rd8+ Ka7 43. Rg8 g5 44. Be6 Re4 45. Rg6 Kb6 46. Kg3 Rg4+ 47. Kf3 Rf4+ 48. Ke3 Re4+ 49. Kd2 Rf4 50. Ke2 g4 51. Rf6 Re4+ 52. Kf1 Rd4 53. Rxf5 Rd2 54. b4 Rd4 55. Rg5 Rxb4 56. Rxg4 Rb1+ 57. Ke2 Kc5 58. f4 Kd6 59. f5 Rb5 60. Rd4+ Kc5 61. Rd7 Kb6 62. Kf3 Kc5 63. f6 Rb1 64. Bf5 Rf1+ 65. Kg4 Rg1+ 66. Kh5 Rh1+ 67. Kg6 Rg1+ 68. Kf7 Rf1 69. Be6 Rg1 70. Ke7 Kb6 71. f7 Rf1 72. f8=Q Rxf8 73. Kxf8 c5 74. Rd2 Ka5 75. Ke7 Kb6 76. Kd7 1-0

[Event "Kerkinitida 2021"]
[Site "Yevpatoria"]
[Date "2021.10.20"]
[Round "2.7"]
[White "Samson, Anna Rao. T"]
[Black "Polukhin, Sergey"]
[Result "0-1"]
[ECO "B30"]
[WhiteElo "1573"]
[BlackElo "1410"]
[Annotator "NA"]
[PlyCount "72"]
[EventDate "2021.10.19"]
[EventType "swiss"]
[SourceTitle "playchess.com"]
[Source "ChessBase"]
[SourceQuality "1"]
[TimeControl "5400+30"]

1. e4 c5 2. Nf3 Nc6 3. Bb5 g6 4. Nc3 Bg7 5. d3 Nf6 6. Bg5 Nd4 7. Nxd4 cxd4 8. Nd5 Nxd5 9. exd5 Qa5+ 10. Bd2 Qxb5 11. O-O Qxd5 12. Re1 e6 13. Rc1 O-O 14. c3 dxc3 15. Bxc3 Bxc3 16. Rxc3 b5 17. Rb3 Bb7 18. f3 a5 19. Qd2 a4 20. Rb4 a3 21. bxa3 Rxa3 22. Qb2 Rxa2 23. Qb1 Qc5+ 24. Kh1 Qf2 25. Rg1 Bxf3 26. Qf1 Qxf1 27. Rxf1 Bxg2+ 28. Kg1 Bxf1 29. Kxf1 Rc8 30. Rb1 b4 31. Ke1 b3 32. Kd1 Rcc2 33. Rxb3 Rxh2 34. Rb2 Raxb2 35. Kc1 Rbg2 36. Kd1 Rh1# 0-1

[Event "Kerkinitida 2021"]
[Site "Yevpatoria"]
[Date "2021.10.20"]
[Round "2.8"]
[White "Iljin, Viktor"]
[Black "Aryslanov, Leonidas"]
[Result "1-0"]
[ECO "A43"]
[WhiteElo "1066"]
[BlackElo "1121"]
[Annotator "NA"]
[PlyCount "109"]
[EventDate "2021.10.19"]
[EventType "swiss"]
[SourceTitle "playchess.com"]
[Source "ChessBase"]
[SourceQuality "1"]
[TimeControl "5400+30"]

1. d4 c5 2. dxc5 Nc6 3. Nf3 e6 4. Be3 Qa5+ 5. Qd2 Qxd2+ 6. Nbxd2 f5 7. Nb3 e5 8. g3 Nb4 9. Kd1 d6 10. cxd6 Bxd6 11. Bc5 Bxc5 12. Nxc5 Nf6 13. Nxe5 b6 14. Ncd3 Nxd3 15. Nxd3 O-O 16. Bg2 Rb8 17. Kd2 Rd8 18. Rad1 Ng4 19. Kc1 Ba6 20. Rdf1 Bxd3 21. exd3 Rbc8 22. Kd2 a5 23. Bh3 b5 24. Bxg4 fxg4 25. Re1 Rf8 26. Re2 a4 27. a3 Rb8 28. Rhe1 b4 29. axb4 Rxb4 30. Kc1 Rfb8 31. Re8+ Kf7 32. Rxb8 Rxb8 33. Re4 Ra8 34. Rxg4 a3 35. bxa3 Rxa3 36. Kb2 Ra5 37. c4 Rf5 38. Rf4 Rxf4 39. gxf4 Ke7 40. d4 Kd7 41. Kb3 g6 42. f3 h6 43. h3 g5 44. f5 Ke7 45. c5 Kf6 46. c6 Kxf5 47. c7 Kf4 48. c8=Q Kxf3 49. d5 h5 50. Qf5+ Ke3 51. Qxg5+ Kd4 52. d6 Ke4 53. d7 Kd3 54. Qe7 Kd4 55. d8=R# 1-0

[Event "Kerkinitida 2021"]
[Site "Yevpatoria"]
[Date "2021.10.21"]
[Round "3.1"]
[White "Truskavetsky, Alexandr"]
[Black "Triapishko, Alexandr"]
[Result "1/2-1/2"]
[ECO "C56"]
[WhiteElo "2371"]
[BlackElo "2506"]
[Annotator "ChessBase"]
[PlyCount "84"]
[EventDate "2021.10.19"]
[EventType "swiss"]
[SourceTitle "playchess.com"]
[Source "ChessBase"]
[SourceQuality "1"]
[TimeControl "5400+30"]

1. e4 e5 2. Nf3 Nc6 3. d4 exd4 4. Bc4 Nf6 5. e5 d5 6. Bb5 Nd7 7. O-O Be7 8. Re1 O-O 9. Bxc6 bxc6 10. Nxd4 Nb8 11. f4 c5 12. Nf3 Nc6 13. Nc3 d4 14. Ne4 Qd5 15. b3 c4 16. Qe2 c3 17. Rd1 Bf5 18. Ng3 Bg4 19. Ne4 Rad8 20. h3 Bf5 21. Ng3 d3 22. Qf1 Qc5+ 23. Kh2 Bc8 24. cxd3 c2 25. Re1 Qd5 26. f5 Bb4 27. Bd2 Bxd2 28. Nxd2 Nxe5 29. Rec1 Ba6 30. Nc4 Bxc4 31. bxc4 Qxd3 32. Qxd3 Rxd3 33. Rxc2 Rb8 34. f6 gxf6 35. Rf1 Nd7 36. Nf5 Kf8 37. Rf4 Ne5 38. Rh4 Kg8 39. Ne7+ Kg7 40. Nf5+ Kg8 41. Ne7+ Kg7 42. Nf5+ Kg8 1/2-1/2

[Event "Kerkinitida 2021"]
[Site "Yevpatoria"]
[Date "2021.10.21"]
[Round "3.2"]
[White "Tomilova, Elena"]
[Black "Chos, Alexey"]
[Result "1-0"]
[ECO "E61"]
[WhiteElo "2256"]
[BlackElo "2296"]
[Annotator "ChessBase"]
[PlyCount "172"]
[EventDate "2021.10.19"]
[EventType "swiss"]
[SourceTitle "playchess.com"]
[Source "ChessBase"]
[SourceQuality "1"]
[TimeControl "5400+30"]

1. d4 Nf6 2. Nf3 g6 3. c4 Bg7 4. e3 O-O 5. Be2 d6 6. Nc3 Nc6 7. d5 Nb8 8. e4 c5 9. h3 e6 10. O-O exd5 11. exd5 Re8 12. Re1 Ne4 13. Nxe4 Rxe4 14. Bd3 Rxe1+ 15. Qxe1 Na6 16. Bg5 Bf6 17. Bxf6 Qxf6 18. Qe8+ Kg7 19. Re1 Rb8 20. Qe7 Qxe7 21. Rxe7 Kf8 22. Re3 Nb4 23. Bf1 h6 24. a3 Na6 25. g4 Nc7 26. Nd2 Bd7 27. Ne4 Ne8 28. Be2 b6 29. Kf1 Rb7 30. Ke1 Bc8 31. Bd1 a6 32. a4 Re7 33. Kd2 f5 34. Ng3 Rxe3 35. Kxe3 Ng7 36. f4 fxg4 37. hxg4 Ke7 38. Be2 Bd7 39. b3 Kf7 40. Ne4 Ne8 41. Bf3 Ke7 42. Ng3 Ng7 43. Be2 Be8 44. f5 gxf5 45. gxf5 Bf7 46. Kf4 Ne8 47. Bd1 Nf6 48. Be2 Bg8 49. Bf3 Bh7 50. Be2 Bg8 51. Bf3 Bf7 52. Be2 Be8 53. Bf3 Bd7 54. Bg2 b5 55. cxb5 axb5 56. a5 Bc8 57. Nf1 Nd7 58. Ng3 Bb7 59. Nf1 Ne5 60. Be4 b4 61. Ng3 Ba6 62. Bc2 c4 63. Ne4 Nd7 64. bxc4 Bxc4 65. Ba4 Nf6 66. Nxf6 Kxf6 67. Ke4 h5 68. Kd4 Ba6 69. Bd1 h4 70. Bg4 Kg5 71. Bh3 Be2 72. Ke3 b3 73. Kd2 Bc4 74. f6 Kxf6 75. Bc8 Ke5 76. a6 h3 77. Bxh3 Bxa6 78. Kc3 Bc4 79. Bg2 Bxd5 80. Bf1 Be6 81. Bd3 Kf4 82. Bh7 Bf5 83. Bg8 Bc2 84. Kd4 b2 85. Ba2 Be4 86. Kc3 b1=Q 1-0

[Event "Kerkinitida 2021"]
[Site "Yevpatoria"]
[Date "2021.10.21"]
[Round "3.4"]
[White "Polukhin, Sergey"]
[Black "Polukhin, Alexander"]
[Result "1/2-1/2"]
[ECO "B21"]
[WhiteElo "1410"]
[BlackElo "2152"]
[Annotator "ChessBase"]
[PlyCount "66"]
[EventDate "2021.10.19"]
[EventType "swiss"]
[SourceTitle "playchess.com"]
[Source "ChessBase"]
[SourceQuality "1"]
[TimeControl "5400+30"]

1. e4 c5 2. f4 Nc6 3. Bb5 e6 4. Nf3 Nge7 5. O-O a6 6. Be2 d5 7. d3 g6 8. c3 Bg7 9. Na3 O-O 10. Qe1 b5 11. Nc2 Bb7 12. Qf2 d4 13. cxd4 Nxd4 14. Ncxd4 cxd4 15. e5 Nc6 16. Ng5 Qe7 17. Ne4 Rad8 18. Bd2 Ba8 19. Rac1 Rc8 20. a3 Rb8 21. Bf3 Rb6 22. Nd6 Qd7 23. Bxc6 Rxc6 24. Qxd4 Rd8 25. Ba5 Rdc8 26. Rxc6 Rxc6 27. Bb4 Rc2 28. Rf2 Rc1+ 29. Rf1 Rc2 30. Rf2 Rc1+ 31. Rf1 Rc2 32. Rf2 Rc1+ 33. Rf1 Rc2 1/2-1/2

[Event "Kerkinitida 2021"]
[Site "Yevpatoria"]
[Date "2021.10.21"]
[Round "3.5"]
[White "Baranov, Jury"]
[Black "Tihonov, Gennady"]
[Result "1-0"]
[ECO "D02"]
[WhiteElo "2147"]
[BlackElo "1827"]
[Annotator "ChessBase"]
[PlyCount "113"]
[EventDate "2021.10.19"]
[EventType "swiss"]
[SourceTitle "playchess.com"]
[Source "ChessBase"]
[SourceQuality "1"]
[TimeControl "5400+30"]

1. d4 d5 2. Bf4 Nf6 3. e3 c5 4. Nf3 Qb6 5. Nc3 Bd7 6. Rb1 e6 7. Be2 Na6 8. Ne5 Nc7 9. O-O Be7 10. dxc5 Qxc5 11. Qd4 Qxd4 12. exd4 Rc8 13. Rbc1 O-O 14. Nxd7 Nxd7 15. Nb5 Nxb5 16. Bxb5 Nb6 17. Bd3 Rfd8 18. b3 h6 19. Bd2 Bf6 20. c3 Bg5 21. f4 Bf6 22. Rce1 Nd7 23. g4 g5 24. Rf3 Kg7 25. Bb5 a6 26. Bxd7 Rxd7 27. f5 Re7 28. fxe6 Rxe6 29. Kf1 Kg6 30. h3 Rce8 31. Rxe6 fxe6 32. Ke2 Rh8 33. Kd3 h5 34. gxh5+ Rxh5 35. c4 Rh4 36. Be3 g4 37. hxg4 Rxg4 38. c5 Kf7 39. b4 Rg2 40. Bf2 Ke7 41. a4 Rh2 42. b5 axb5 43. axb5 Bh4 44. Be3 Rb2 45. Rh3 Bf6 46. Rh7+ Kd8 47. Rxb7 Rb3+ 48. Kd2 Rb4 49. Kc3 Rc4+ 50. Kd3 e5 51. dxe5 Bxe5 52. c6 Rc3+ 53. Kd2 d4 54. Bg5+ Kc8 55. Re7 Rc5 56. Re8+ Kc7 57. Rxe5 1-0

[Event "Kerkinitida 2021"]
[Site "Yevpatoria"]
[Date "2021.10.21"]
[Round "3.6"]
[White "Brusilovskiy, Boris"]
[Black "Iljin, Viktor"]
[Result "1-0"]
[ECO "B22"]
[WhiteElo "2067"]
[BlackElo "1066"]
[Annotator "NA"]
[PlyCount "116"]
[EventDate "2021.10.19"]
[EventType "swiss"]
[SourceTitle "playchess.com"]
[Source "ChessBase"]
[SourceQuality "1"]
[TimeControl "5400+30"]

1. e4 d6 2. d4 Nd7 3. Nf3 c5 4. c3 g6 5. Bc4 Nb6 (5... e6 $16 {was worth a try.}) 6. Bb3 c4 7. Bc2 {[%emt 0:00:22] Decoy} Bg7 8. a4 a5 9. O-O Bg4 10. h3 Bxf3 11. Qxf3 ({Don't play} 11. gxf3 $6 Qd7 $11) 11... Nf6 12. Bf4 O-O 13. Na3 d5 {[%emt 0:00:55] [#]} 14. e5 $1 Nfd7 15. Nb5 e6 16. Qe3 Nc8 17. h4 Qb6 18. Rfb1 Na7 19. Nd6 Nc8 {[%emt 0:00:28] [#]} 20. Nb5 $2 ({White must play} 20. Nxc8 $1 $18 Rfxc8 21. h5) 20... Na7 $1 21. Nxa7 Qxa7 22. h5 Rfe8 23. g4 b6 24. Kg2 Kf8 25. Rh1 Kg8 26. Bh6 Nf8 27. Rh3 Qc7 28. Rah1 Ra7 29. Bxg7 Kxg7 30. Qf4 $2 (30. hxg6 fxg6 {[#]} 31. Bxg6 $1 Kxg6 32. Qh6+ Kf7 33. Qg5) 30... Qe7 $2 (30... Qd8 31. hxg6 fxg6) 31. g5 Kg8 32. Qh4 (32. Qd2 $16) 32... Rb8 $1 33. Rf3 Rbb7 $2 (33... b5 $1 $11) 34. Rf6 Qe8 35. Rh3 Rc7 $2 (35... Ra8 36. Rhf3 Qe7) 36. Rhf3 Rab7 37. hxg6 Nxg6 38. Qh6 Qf8 39. Bxg6 {[%emt 0:01:01] Pin} Qxh6 {[%emt 0:01:16] [#]} 40. Bxf7+ $1 Rxf7 41. gxh6 Kf8 42. Rxe6 Rxf3 43. Kxf3 Kf7 44. Rd6 b5 45. Rxd5 bxa4 46. Rxa5 Rxb2 47. Rxa4 Kg6 48. Rxc4 Kxh6 49. d5 Kg6 50. d6 Kf7 51. d7 Ke7 52. Rd4 Kd8 53. e6 Rb8 54. Kg4 Ke7 55. f4 Rg8+ 56. Kh5 Kd8 57. f5 Rf8 58. f6 Rh8 1-0

[Event "Kerkinitida 2021"]
[Site "Yevpatoria"]
[Date "2021.10.21"]
[Round "3.7"]
[White "Grinivetskii, Mark"]
[Black "Samson, Anna Rao. T"]
[Result "1-0"]
[ECO "C50"]
[WhiteElo "1350"]
[BlackElo "1573"]
[Annotator "NA"]
[PlyCount "103"]
[EventDate "2021.10.19"]
[EventType "swiss"]
[SourceTitle "playchess.com"]
[Source "ChessBase"]
[SourceQuality "1"]
[TimeControl "5400+30"]

1. e4 e5 2. Nf3 Nc6 3. Bc4 h6 4. O-O Nf6 5. d3 Bc5 6. Nc3 d6 7. h3 O-O 8. Be3 b6 9. a3 Nd4 10. Bxd4 Bxd4 11. Nxd4 exd4 12. Nd5 Nxd5 13. Bxd5 Qg5 14. Bxa8 Bxh3 15. Qf3 Bg4 16. Qg3 Rxa8 17. f4 Qh5 18. f5 f6 19. Rf4 Bd1 20. Qf2 c6 21. Rh4 Qe2 22. Qxe2 Bxe2 23. Re1 Bxd3 24. cxd3 Re8 25. Rf1 d5 26. exd5 cxd5 27. Rxd4 Re2 28. Rxd5 Rxb2 29. Rd7 a5 30. Re1 b5 31. Ree7 Kf8 32. Rxg7 b4 33. axb4 axb4 34. Rb7 b3 35. Rgc7 Rb1+ 36. Kh2 Re1 37. Rc8+ Re8 38. Rxe8+ Kxe8 39. Rxb3 Kd7 40. Kg3 Kd6 41. Rb6+ Ke5 42. Kg4 h5+ 43. Kxh5 Kxf5 44. g4+ Ke5 45. Rb5+ Ke6 46. Rf5 Kf7 47. g5 Kg7 48. Rxf6 Kh7 49. Rf7+ Kh8 50. Kg6 Kg8 51. d4 Kh8 52. Rf8# 1-0

[Event "Kerkinitida 2021"]
[Site "Yevpatoria"]
[Date "2021.10.21"]
[Round "3.8"]
[White "Aryslanov, Leonidas"]
[Black "Cherunov, Svyatoslav"]
[Result "0-1"]
[ECO "B22"]
[WhiteElo "1121"]
[BlackElo "1240"]
[Annotator "NA"]
[PlyCount "72"]
[EventDate "2021.10.19"]
[EventType "swiss"]
[SourceTitle "playchess.com"]
[Source "ChessBase"]
[SourceQuality "1"]
[TimeControl "5400+30"]

1. e4 c5 2. Nf3 Nc6 3. c3 e5 4. Bb5 d6 5. d4 Bd7 6. dxe5 Nxe5 7. Bxd7+ Nxd7 8. O-O Ngf6 9. Bg5 Be7 10. Re1 O-O 11. c4 h6 12. Bf4 Nb6 13. b3 Nh5 14. Bd2 Bf6 15. Nc3 Re8 16. g4 Nf4 17. Qc2 Nh3+ 18. Kg2 Ng5 19. Nxg5 Bxg5 20. f4 Bf6 21. Rad1 g5 22. fxg5 Bxg5 23. e5 dxe5 24. Bxg5 Qxg5 25. Kg3 h5 26. h3 hxg4 27. h4 Qf4+ 28. Kg2 Rad8 29. Rf1 Qh6 30. Ne4 Kg7 31. Nf6 Rh8 32. Rxd8 Rxd8 33. Qf5 Rd2+ 34. Kg3 Qe3+ 35. Kxg4 Rg2+ 36. Kh5 Qh6# 0-1

[Event "Kerkinitida 2021"]
[Site "Yevpatoria"]
[Date "2021.10.22"]
[Round "4.6"]
[White "Tihonov, Gennady"]
[Black "Cherunov, Svyatoslav"]
[Result "1/2-1/2"]
[ECO "C47"]
[WhiteElo "1827"]
[BlackElo "1240"]
[Annotator "NA"]
[PlyCount "84"]
[EventDate "2021.10.19"]
[EventType "swiss"]
[SourceTitle "playchess.com"]
[Source "ChessBase"]
[SourceQuality "1"]
[TimeControl "5400+30"]

1. e4 Nc6 2. Nc3 e5 3. Nf3 Nf6 4. d4 exd4 5. Nxd4 Bb4 6. Nxc6 bxc6 7. Bd3 d5 8. exd5 cxd5 9. O-O Bxc3 10. bxc3 O-O 11. Bg5 h6 {[%emt 0:00:13] The main line 11...h6 scores better than 11...Qd6.} 12. Bh4 Qd6 13. c4 Bb7 {[%emt 0:01:43] [#]} 14. Rb1 $146 ({Predecessor:} 14. c5 Qc6 15. Rb1 Ne4 16. Bxe4 dxe4 17. Qg4 f5 18. Qf4 Ba6 19. Rfd1 Rf7 20. Qd2 g5 21. Bxg5 hxg5 22. Qxg5+ Rg7 23. Qxf5 e3 24. Qd5+ Qxd5 25. Rxd5 e2 26. Re5 Rd8 {0-1 (26) Ramos Martin,L (1971)-Cabrera Gonzalez,M (1906) Santa Clara 2017}) 14... Qc6 (14... dxc4 $11 15. Bxc4 (15. Rxb7 cxd3 16. Qxd3 Qxd3 $11) 15... Bd5) 15. Qf3 g5 16. cxd5 Qxd5 17. Rxb7 Qxf3 18. gxf3 gxh4 19. Kg2 Nd5 20. Kh3 Kh8 21. Be4 Nf4+ 22. Kg4 Ng6 23. f4 Rg8 24. Kf3 h3 25. Bxg6 Rxg6 26. Rxc7 Kg7 27. Rd1 Rg2 28. Rdd7 Rf8 29. a4 Rxh2 30. Kg3 ({Better is} 30. Rd1 $14) 30... Rh1 31. c4 Kg6 32. Rd6+ f6 33. Rcc6 h5 34. Kh4 Kg7 $11 35. Rd3 Rg1 36. Kxh3 h4 37. Rd5 Rg8 38. f5 Kh8 39. Kh2 R8g2+ 40. Kh3 Rg8 41. Kh2 R8g2+ 42. Kh3 Rg8 1/2-1/2

[Event "Kerkinitida 2021"]
[Site "Yevpatoria"]
[Date "2021.10.22"]
[Round "4.7"]
[White "Iljin, Viktor"]
[Black "Grinivetskii, Mark"]
[Result "1/2-1/2"]
[ECO "D38"]
[WhiteElo "1066"]
[BlackElo "1350"]
[Annotator "NA"]
[PlyCount "120"]
[EventDate "2021.10.19"]
[EventType "swiss"]
[SourceTitle "playchess.com"]
[Source "ChessBase"]
[SourceQuality "1"]
[TimeControl "5400+30"]

1. d4 d5 2. c4 e6 3. Nc3 Nf6 4. Nf3 Bb4 5. Bg5 Nbd7 6. e3 h6 7. Bh4 c6 8. a3 Bxc3+ 9. bxc3 Qa5 10. Qb3 Ne4 11. Qb4 Qxb4 12. cxb4 O-O 13. Bd3 Nef6 14. Bxf6 Nxf6 15. O-O Re8 16. h3 Nd7 17. cxd5 exd5 18. Bf5 Nf6 19. Bd3 Bd7 20. a4 Re7 21. Rac1 a6 22. Rfe1 Rae8 23. Kf1 Kf8 24. Ne5 Rd8 25. Rb1 b5 26. axb5 axb5 27. Ra1 Be8 28. Ra6 Rc7 29. Rc1 Rdc8 30. Bf5 Rd8 31. Rc5 g6 32. Bd3 Rdc8 33. Ra1 Ke7 34. Rac1 Kd6 35. Ra1 Nd7 36. Nxd7 Bxd7 37. Ra6 Ke7 38. e4 dxe4 39. Bxe4 f5 40. Bf3 h5 41. Ke2 Re8 42. Kd3 Rec8 43. g3 Kf7 44. Ra1 Ke7 45. Ra2 Kd6 46. Re2 Re8 47. Re3 Rcc8 48. d5 Rxe3+ 49. Kxe3 cxd5 50. Rxd5+ Ke6 51. Rd4 Rc3+ 52. Rd3 Rxd3+ 53. Kxd3 Ke5 54. Ke3 Be8 55. g4 hxg4 56. hxg4 f4+ 57. Kd3 g5 58. Be4 Bd7 59. f3 Be8 60. Kc3 Bd7 1/2-1/2

[Event "Kerkinitida 2021"]
[Site "Yevpatoria"]
[Date "2021.10.22"]
[Round "4.8"]
[White "Samson, Anna Rao. T"]
[Black "Aryslanov, Leonidas"]
[Result "1-0"]
[ECO "C00"]
[WhiteElo "1573"]
[BlackElo "1121"]
[Annotator "NA"]
[PlyCount "121"]
[EventDate "2021.10.19"]
[EventType "swiss"]
[SourceTitle "playchess.com"]
[Source "ChessBase"]
[SourceQuality "1"]
[TimeControl "5400+30"]

1. e4 e6 2. Nf3 Nc6 3. Bb5 Qe7 4. Nc3 a6 5. Bxc6 bxc6 6. d4 g6 7. e5 h6 8. O-O f6 9. Bf4 fxe5 10. Bxe5 Bg7 11. Bxc7 d6 12. Ba5 Nf6 13. Bb4 O-O 14. Ne5 Qb7 15. Bxd6 Rd8 16. Bc5 Nd5 17. Nxg6 Nxc3 18. bxc3 Kh7 19. Qd3 Kg8 20. Ne7+ Kh8 21. Ng6+ Kg8 22. Rfe1 Qf7 23. Re3 Bd7 24. Rf3 Bf6 25. Rg3 Bg5 26. h4 Kh7 27. Ne5+ Qf5 28. Qxf5+ exf5 29. hxg5 hxg5 30. f3 f4 31. Rxg5 Rg8 32. Rxg8 Rxg8 33. Nxd7 Rd8 34. Ne5 Rc8 35. Kf2 a5 36. Rh1+ Kg7 37. Rh4 Rh8 38. Rxh8 Kxh8 39. Nxc6 Kg7 40. Nxa5 Kf6 41. Bd6 Ke6 42. Bxf4 Kd5 43. g4 Ke6 44. g5 Kf5 45. Be3 Kg6 46. d5 Kf7 47. d6 Ke6 48. g6 Kxd6 49. g7 Ke6 50. g8=Q+ Kf6 51. Bd4+ Ke7 52. Nc6+ Kd6 53. f4 Kxc6 54. f5 Kd7 55. Qe6+ Kc7 56. f6 Kb7 57. f7 Kc7 58. f8=Q Kb7 59. Qfe7+ Ka8 60. Q6d7 Kb8 61. Qdd8# 1-0

[Event "Kerkinitida 2021"]
[Site "Yevpatoria"]
[Date "2021.10.23"]
[Round "5.1"]
[White "Chos, Alexey"]
[Black "Triapishko, Alexandr"]
[Result "1-0"]
[ECO "B12"]
[WhiteElo "2296"]
[BlackElo "2506"]
[Annotator "ChessBase"]
[PlyCount "208"]
[EventDate "2021.10.19"]
[EventType "swiss"]
[SourceTitle "playchess.com"]
[Source "ChessBase"]
[SourceQuality "1"]
[TimeControl "5400+30"]

1. e4 c6 2. d4 d5 3. e5 Bf5 4. Nf3 e6 5. Be2 Nd7 6. O-O a6 7. a4 Ne7 8. Be3 Bg6 9. Nbd2 Nf5 10. Bf4 Be7 11. a5 c5 12. c4 Nxd4 13. Nxd4 cxd4 14. cxd5 d3 15. Bf3 exd5 16. Bxd5 Nc5 17. Bc4 O-O 18. Be3 Ne6 19. f4 Nd4 20. Kh1 Nc2 21. Bb6 Qd7 22. Rc1 Rac8 23. b3 Ba3 24. Rb1 Bb4 25. Nf3 Na3 26. e6 fxe6 27. Ne5 Qd6 28. Nxg6 hxg6 29. Bxd3 Nxb1 30. Qxb1 Rxf4 31. Rd1 Qc6 32. Bc4 Rg4 33. Qc2 Qe4 34. Qf2 Rf8 35. Qg1 Kh7 36. Rd4 Qf5 37. Bd3 Qg5 38. Rd7 Qe5 39. h3 Rh4 40. Bd4 Rxd4 41. Qxd4 Qxd4 42. Rxd4 Bxa5 43. Bc4 g5 44. Re4 b5 45. Bd3 Rd8 46. Bc2 Rd2 47. Rc4+ Kg8 48. Rc6 Bb4 49. Bg6 Rd1+ 50. Kh2 Bd6+ 51. g3 Kf8 52. Rxa6 Ke7 53. Ra2 Kf6 54. Bh5 Rd3 55. Rf2+ Ke5 56. Re2+ Kd5 57. Bg4 Bxg3+ 58. Kg2 Be5 59. b4 Rg3+ 60. Kf2 Rb3 61. Bf3+ Kd6 62. Re4 Bc3 63. Be2 Bxb4 64. Rd4+ Kc7 65. Rd3 Bc5+ 66. Kf3 Rb2 67. Bd1 b4 68. Bb3 e5 69. Ke4 Bd4 70. Kd5 Rf2 71. Kc4 Bc3 72. Kc5 Rf6 73. Ba4 Rf7 74. Kd5 Kb6 75. Kc4 Rf4+ 76. Kd5 g4 77. hxg4 Rxg4 78. Rf3 Rg2 79. Bb3 Rd2+ 80. Ke4 Rb2 81. Bg8 Re2+ 82. Kd3 Rd2+ 83. Ke4 Rd4+ 84. Kf5 g6+ 85. Ke6 Kc5 86. Bf7 e4 87. Rg3 Rd6+ 88. Ke7 Bf6+ 89. Kf8 Rd8+ 90. Be8 g5 91. Kf7 Rd6 92. Ba4 Kd4 93. Rg4 Bd8 94. Ke8 Kd3 95. Bb5+ Ke3 96. Bd7 Rxd7 97. Kxd7 Kf3 98. Rg1 Kf2 99. Rc1 Bf6 100. Rc2+ Kf3 101. Rc8 Bc3 102. Rf8+ Ke2 103. Ke6 e3 104. Kf5 Kd1 1-0

[Event "Kerkinitida 2021"]
[Site "Yevpatoria"]
[Date "2021.10.23"]
[Round "5.4"]
[White "Baranov, Jury"]
[Black "Brusilovskiy, Boris"]
[Result "1/2-1/2"]
[ECO "D06"]
[WhiteElo "2147"]
[BlackElo "2067"]
[Annotator "ChessBase"]
[PlyCount "115"]
[EventDate "2021.10.19"]
[EventType "swiss"]
[SourceTitle "playchess.com"]
[Source "ChessBase"]
[SourceQuality "1"]
[TimeControl "5400+30"]

1. d4 Nf6 2. Nf3 d5 3. c4 c5 4. cxd5 cxd4 5. Qa4+ Qd7 6. Qxd4 Qxd5 7. Nc3 Qxd4 8. Nxd4 a6 9. g3 e5 10. Nb3 Bd7 11. Bg5 Bc6 12. f3 h6 13. Bxf6 gxf6 14. O-O-O a5 15. e4 a4 16. Nd2 Ra5 17. Nc4 Rc5 18. Kb1 b5 19. Ne3 Be7 20. Ned5 Bd8 21. Bh3 O-O 22. a3 Kg7 23. Ne3 Na6 24. Ncd5 Bxd5 25. Nxd5 Ba5 26. Rc1 Rb8 27. Bd7 b4 28. axb4 Bxb4 29. Nxb4 Rxb4 30. Bc8 Ra5 31. Bxa6 Rxa6 32. Ka2 Rb3 33. Rc3 Rab6 34. Rxb3 Rxb3 35. Rf1 Re3 36. Rf2 h5 37. Kb1 Kg6 38. Kc2 f5 39. exf5+ Kxf5 40. Kd2 Rb3 41. Ke1 Kg5 42. h4+ Kg6 43. Kf1 e4 44. Kg2 exf3+ 45. Rxf3 Rxb2+ 46. Kh3 Rb3 47. Rf4 a3 48. Ra4 Kf5 49. Ra5+ Kg6 50. Rg5+ Kh6 51. Ra5 f6 52. Ra6 Kg6 53. Ra5 f5 54. Ra6+ Kg7 55. Kg2 Rc3 56. Kf2 Rd3 57. Kg2 Kf7 58. Kf2 1/2-1/2

[Event "Kerkinitida 2021"]
[Site "Yevpatoria"]
[Date "2021.10.23"]
[Round "5.5"]
[White "Grinivetskii, Mark"]
[Black "Polukhin, Alexander"]
[Result "0-1"]
[ECO "C02"]
[WhiteElo "1350"]
[BlackElo "2152"]
[Annotator "NA"]
[PlyCount "42"]
[EventDate "2021.10.19"]
[EventType "swiss"]
[SourceTitle "playchess.com"]
[Source "ChessBase"]
[SourceQuality "1"]
[TimeControl "5400+30"]

1. e4 e6 2. d4 d5 3. e5 c5 4. c3 Nc6 5. Nf3 Bd7 6. Be2 f6 7. exf6 Nxf6 8. O-O Bd6 9. Bg5 O-O 10. Qc2 Qe8 11. Bd3 Qh5 12. Bxf6 Rxf6 13. Be2 cxd4 14. h3 e5 15. Nxd4 Nxd4 16. cxd4 Qg5 17. Kh2 e4+ 18. g3 Rxf2+ 19. Rxf2 Qxg3+ 20. Kh1 Qxf2 21. Bd1 Qf1# 0-1

[Event "Kerkinitida 2021"]
[Site "Yevpatoria"]
[Date "2021.10.23"]
[Round "5.6"]
[White "Cherunov, Svyatoslav"]
[Black "Polukhin, Sergey"]
[Result "0-1"]
[ECO "B30"]
[WhiteElo "1240"]
[BlackElo "1410"]
[Annotator "NA"]
[PlyCount "64"]
[EventDate "2021.10.19"]
[EventType "swiss"]
[SourceTitle "playchess.com"]
[Source "ChessBase"]
[SourceQuality "1"]
[TimeControl "5400+30"]

1. e4 c5 2. Nf3 Nc6 3. Nc3 g6 4. d3 Bg7 5. Bd2 Nf6 6. g3 O-O 7. Bg2 d6 8. h3 Bd7 9. O-O Kh8 10. Re1 Ng8 11. Rb1 Rb8 12. Re2 b5 13. Qc1 Be6 14. a3 a5 15. Nd5 b4 16. c3 bxa3 17. bxa3 Qd7 18. Nb6 Qa7 19. Nd5 Rxb1 20. Qxb1 Rb8 21. Qa2 a4 22. Re1 Qb7 23. Bc1 Bxc3 24. Re2 Qb1 25. Qxb1 Rxb1 26. Rc2 Bg7 27. Kh2 Na5 28. Nf4 Bb3 29. Ng5 f6 30. Nfe6 fxg5 31. Nxg7 Bxc2 32. Ne6 Rxc1 0-1